 Dungeon Sprint DCSS version 0.30.1-9-gdf580d7c3d (webtiles) character file.

Game seed: 4311170500349346420

175 Heoruswealwe the Spear-Bearer (level 5, 0/52 HPs)
             Began as a Minotaur Fighter on Oct 5, 2023.
             Slain by an unseen horror (8 damage)
             ... in the Dungeon (Sprint IX: "|||||||||||||||||||||||||||||").
             The game lasted 00:00:50 (106 turns).

Heoruswealwe the Spear-Bearer (Minotaur Fighter)     Turns: 106, Time: 00:00:51

Health: 0/52       AC:  8    Str: 22    XL:     5   Next: 29%
Magic:  4/4        EV:  9    Int:  5    God:
Gold:   0          SH:  4    Dex: 10    Spells: 4/4 levels left

rFire   . . .        a - +0 trident
rCold   . . .        d - +0 buckler
rNeg    . . .        c - +0 scale mail
rPois   .            (helmet restricted)
rElec   .            (no cloak)
rCorr   .            (no gloves)
SInv    .            (no boots)
Will    .....        (no amulet) Stlth
                     (no ring)
HPRegen 0.28/turn    (no ring)
MPRegen 0.09/turn

%: no teleportation
@: no status effects
A: horns 2, retaliatory headbutt
a: no special abilities


You were in the Dungeon.
You visited 1 branch

Inventory:

Hand Weapons
 a - a +0 trident (weapon)
Armour
 c - a +0 scale mail (worn)
 d - a +0 buckler (worn)
Jewellery
 m - a +3 ring of dexterity
 n - a +3 ring of strength
Wands
 l - a wand of quicksilver (10)
Scrolls
 j - 2 scrolls of blinking
 k - 2 scrolls of amnesia
Potions
 b - a potion of might
 e - 5 potions of curing
 f - 3 potions of heal wounds
 g - a potion of haste
 h - a potion of invisibility
 i - a potion of berserk rage


   Skills:
 + Level 7.4 Fighting
 * Level 9.5 Polearms
 + Level 7.4 Armour
 - Level 3.6 Shields


You had 4 spell levels left.
You didn't know any spells.
Your spell library was empty.

Dungeon Overview and Level Annotations

Branches:
Dungeon (1/1)

Altars:
Cheibriados
Dithmenos
Elyvilon
Fedhas
Gozag
Hepliaklqana
Kikubaaqudgha
Makhleb
Nemelex Xobeh
Okawaru
Qazlal
Ru
Sif Muna
Trog
Uskayaw
Vehumet
Wu Jian
Xom
Yredelemnul
Zin
The Shining One
Jiyva
Lugonu


Innate Abilities, Weirdness & Mutations

You have a pair of horns on your head.
You reflexively headbutt those who attack you in melee.


Message History

Items here: )))))).
Okay, then.
You see here a +0 pair of boots.
You see here a +0 pair of gloves.
You see here a +2 ring mail.
m - a +3 ring of dexterity
n - a +3 ring of strength You open the door.
A wraith, 2 two-headed ogres, a troll and a howler monkey come into view.
The two-headed ogre shouts in stereo! x2; The troll shouts!
The howler monkey barely misses you.
You hit the howler monkey but do no damage.
The howler monkey hoots and howls with incredible vigour!
You barely miss the howler monkey. The howler monkey closely misses you.
You furiously retaliate!
You headbutt the howler monkey! You barely miss the howler monkey.
Your headbutt misses the howler monkey.
The howler monkey is moderately wounded.
The howler monkey barely misses you.
You closely miss the howler monkey. You headbutt the howler monkey!
The howler monkey is severely wounded.
The howler monkey hoots and howls with incredible vigour!
You hit the howler monkey. Your headbutt misses the howler monkey.
The howler monkey is almost dead.
You block the howler monkey's attack.
You puncture the howler monkey!
You kill the howler monkey!
Something hits you but does no damage.
Deactivating autopickup; reactivate with Ctrl-A.
Your Polearms skill increases to level 9!
You barely miss something. Something hits you.
You closely miss something. You block something's attack.
You puncture something! Your headbutt misses something. Something hits you. x2
You barely miss something. Something hits you.
You hit something but do no damage. Something hits you!
* * * LOW HITPOINT WARNING * * *
Something hits you!
* * * LOW HITPOINT WARNING * * *
You closely miss something. You headbutt something.
Something hits you but does no damage. Something hits you!
You die... ▓▓▓▓▓▓▓▓▓▓▓▓▓▓▓▓▓▓▓▓▓▓▓▓ ..WOOT'@.[[[.).!'_______ ▓▓▓▓▓▓▓▓▓▓▓▓▓▓▓▓▓▓▓▓▓▓▓▓

You could see 2 two-headed ogres, a troll and a wraith.

Vanquished Creatures
  A scorpion (D)
  A howler monkey (D)
  2 hounds (D)
  An adder (D)
  A dart slug (D)
  An endoplasm (D)
  A giant cockroach (D)
  A quokka (D)
  A ball python (D)
  A frilled lizard (D)
11 creatures vanquished.

Notes
Turn   | Place    | Note
-------+----------+-------------------------------------------
     0 | D        | Heoruswealwe the Minotaur Fighter began the quest for the
                  | Orb.
     0 | D        | Reached XP level 1. HP: 19/19 MP: 0/0
     1 | D        | Banished a spatial maelstrom
     6 | D        | Reached skill level 3 in Polearms
    16 | D        | Reached skill level 4 in Polearms
    25 | D        | Noticed a scorpion
    25 | D        | Noticed a hound
    25 | D        | Noticed a hound
    32 | D        | Killed a hound
    33 | D        | Reached skill level 5 in Fighting
    33 | D        | Reached skill level 5 in Polearms
    33 | D        | Reached skill level 5 in Armour
    33 | D        | Reached XP level 2. HP: 19/29 MP: 1/1
    33 | D        | Reached XP level 3. HP: 23/36 MP: 2/2
    35 | D        | Reached skill level 6 in Polearms
    38 | D        | Reached skill level 7 in Polearms
    38 | D        | Reached XP level 4. HP: 29/44 MP: 3/3
    45 | D        | Killed a scorpion
    46 | D        | Reached skill level 8 in Polearms
    46 | D        | Reached XP level 5. HP: 20/52 MP: 4/4
    52 | D        | Found a snail-covered altar of Cheibriados.
    52 | D        | Found a shadowy altar of Dithmenos.
    52 | D        | Found a white marble altar of Elyvilon.
    52 | D        | Found a blossoming altar of Fedhas.
    52 | D        | Found an opulent altar of Gozag.
    53 | D        | Found a hazy altar of Hepliaklqana.
    54 | D        | Found a viscous altar of Jiyva.
    55 | D        | Found an ancient bone altar of Kikubaaqudgha.
    56 | D        | Found a corrupted altar of Lugonu.
    57 | D        | Found a burning altar of Makhleb.
    58 | D        | Found a sparkling altar of Nemelex Xobeh.
    59 | D        | Found an iron altar of Okawaru.
    60 | D        | Found a stormy altar of Qazlal.
    61 | D        | Found a sacrificial altar of Ru.
    62 | D        | Found a shimmering blue altar of Sif Muna.
    63 | D        | Found a bloodstained altar of Trog.
    64 | D        | Found a hide-covered altar of Uskayaw.
    65 | D        | Found a radiant altar of Vehumet.
    66 | D        | Found an ornate altar of the Wu Jian Council.
    67 | D        | Found a shimmering altar of Xom.
    68 | D        | Found a basalt altar of Yredelemnul.
    69 | D        | Found a glowing silver altar of Zin.
    70 | D        | Found a glowing golden altar of the Shining One.
    94 | D        | Noticed a wraith
    94 | D        | Noticed a two-headed ogre
    94 | D        | Noticed a two-headed ogre
    94 | D        | Noticed a troll
   101 | D        | Reached skill level 9 in Polearms
   106 | D        | Slain by an unseen horror

Illustrated notes

Levels and vault maps discovered:
D:        linesprint [early_d, line_temple, items_1, d_10, items_2, lair_1,
          lair_end, items_3, orc_1, orc_end, items_4, d_15, swamp_1, shoals_1,
          snake_1, spider_1, d_20, vaults_1, items_5, swamp_end, shoals_end,
          snake_end, spider_end, vaults_end, d_27, items_6, zot_1, zot_end,
          crypt_end, forest_end, elf_end, slime_end, tomb_end, abyss_end,
          pan_hell_end]

Skill      XL: |  1  2  3  4  5 |
---------------+----------------+-----
Polearms       | 5 7 8 9 |  9.5
Fighting       | 5 6 7 |  7.4
Armour         | 5 6 7 |  7.4
Shields        | |  3.6

Action                     |  1- 3 |  4- 6 || total
---------------------------+-------+-------++-------
  Melee: Trident           |    22 |    20 ||    42
         Headbutt          |     3 |     2 ||     5
 Armour: Scale mail        |    10 |     3 ||    13
  Dodge: Dodged            |     7 |     5 ||    12
  Block: Buckler           |       |     5 ||     5
